 Dungeon Crawl Stone Soup version 0.23.0 (webtiles) character file.

Game seed: 8448890113189625142

2907 Ivernyr the Transmogrifier (level 9, -8/41 HPs)
             Began as a Vine Stalker Transmuter on Feb 18, 2019.
             Was a Believer of Cheibriados.
             Mangled by a two-headed ogre
             ... wielding a +0 giant club
              (14 damage)
             ... on level 7 of the Dungeon.
             The game lasted 00:23:55 (7011 turns).

Ivernyr the Transmogrifier (VSTm)                   Turns: 7011, Time: 00:23:56

Health: -8/41      AC:  2    Str: 18    XL:     9   Next: 78%
Magic:  0/19       EV: 23    Int: 21    God:    Cheibriados [**....]
Gold:   92         SH:  0    Dex: 25    Spells: 14/20 levels left

rFire    . . .     SeeInvis .     - Unarmed
rCold    . . .     Gourm    .   (shield currently unavailable)
rNeg     . . .     Faith    .   (armour currently unavailable)
rPois    .         Spirit   +   (helmet currently unavailable)
rElec    .         Reflect  .   (cloak currently unavailable)
rCorr    .         Harm     .   (gloves currently unavailable)
MR       +....                  (boots currently unavailable)
Stlth    ++........             u - amulet of magic regeneration
HPRegen  0.53/turn              m - ring of poison resistance
MPRegen  0.41/turn              (no ring)

@: spider-form, very slow
A: tiny, regeneration 1, magic shield, no potion heal 3, rot immunity
a: End Transformation, Bend Time, Renounce Religion


You were on level 7 of the Dungeon.
You worshipped Cheibriados.
Cheibriados was pleased with you.
You were not hungry.
You were a venomous arachnid creature.
You visited 2 branches of the dungeon, and saw 9 of its levels.
You also visited: Ossuary.

You collected 328 gold pieces.
You spent 236 gold pieces at shops.

Inventory:

Missiles
 a - 195 arrows
Armour
 b - a +0 robe (melded)
 D - a +2 helmet of see invisible (melded)
Jewellery
 c - a cursed ring of teleportation {unknown}
 m - a ring of poison resistance (left front leg)
 u - an amulet of magic regeneration (around neck)
Wands
 r - a wand of scattershot (8)
 w - a wand of polymorph (10)
Scrolls
 f - 3 scrolls of remove curse
 i - 5 scrolls of immolation
 j - 5 scrolls of teleportation
 k - a scroll of enchant weapon
 l - a scroll of fog
 p - a scroll of amnesia {unknown}
 q - 3 scrolls of magic mapping {unknown}
 t - a scroll of torment {unknown}
 v - a scroll of vulnerability {unknown}
 x - a scroll of fear {unknown}
 y - 2 scrolls of identify
 B - 2 scrolls of enchant armour {unknown}
Potions
 e - 3 potions of curing {unknown}
 g - 4 potions of might {unknown}
 h - a potion of mutation {unknown}
 n - 3 potions of heal wounds {unknown}
 o - 3 potions of agility {unknown}
 s - a potion of cancellation {unknown}
 z - a potion of flight {unknown}
 A - a potion of degeneration {unknown}
 C - a potion of lignification {unknown}
 E - a potion of magic {unknown}
Comestibles
 d - 12 rations


   Skills:
 - Level 1.0 Fighting
 - Level 3.4 Dodging
 + Level 6.6 Unarmed Combat
 + Level 6.2 Spellcasting
 * Level 8.6 Transmutations
 + Level 4.2 Invocations


You had 14 spell levels left.
You knew the following spells:

 Your Spells              Type           Power        Failure   Level  Hunger
a - Beastly Appendage     Tmut           #####.       2%          1    None
b - Sticks to Snakes      Tmut           #####...     3%          2    None
c - Spider Form           Tmut/Pois      ###.......   14%         3    #......

Your spell library contained the following spells:

 Spells                   Type           Power        Failure   Level  Hunger
 Blade Hands              Tmut           #####.....   21%         5    #####..
 Flame Tongue             Conj/Fire      #....        24%         1    None
 Throw Flame              Conj/Fire      #.....       32%         2    None
 Ice Form                 Ice/Tmut       ###.....     34%         4    ###....
 Conjure Flame            Conj/Fire      #.......     50%         3    #......
 Inner Flame              Hex/Fire       #.......     50%         3    #......
 Sticky Flame             Conj/Fire      #.......     85%         4    ###....
 Fireball                 Conj/Fire      #.........   99%         5    #####..


Dungeon Overview and Level Annotations

Branches:
Dungeon (8/15)             Temple (1/1) D:5
   Lair: D:8-11

Altars:
Ashenzari
Cheibriados
Dithmenos
Elyvilon
Fedhas
Hepliaklqana
Kikubaaqudgha
Makhleb
Nemelex Xobeh
Qazlal
Ru
Sif Muna
Trog
Uskayaw
Vehumet
Wu Jian
Yredelemnul
Zin
The Shining One

Shops:
D:7 [[


Innate Abilities, Weirdness & Mutations

((You have razor-sharp teeth.))
Your natural rate of healing is unusually fast.
When hurt, damage is shared between your health and your magic reserves.
((Your bite disrupts and absorbs the magic of your enemies.))
Potions cannot restore your health.
You are immune to rotting.


Message History

The two-headed ogre looks as sick as possible!
The two-headed ogre is lightly wounded.
The two-headed ogre completely misses you. x2
Your magical contamination has completely faded away.
You hit the two-headed ogre.
The two-headed ogre looks as sick as possible!
The two-headed ogre is moderately wounded.
The two-headed ogre completely misses you.
The two-headed ogre closely misses you.
You hit the two-headed ogre.
The two-headed ogre is heavily wounded.
You hit the two-headed ogre.
The two-headed ogre looks as sick as possible!
The two-headed ogre is heavily wounded.
The two-headed ogre misses you. The two-headed ogre closely misses you.
You bite the two-headed ogre!
The two-headed ogre looks as sick as possible!
The two-headed ogre is severely wounded.
The two-headed ogre hits you with a +0 giant club!!
You die...

.## ##.......#.⌠.⌠.#..##
##...## ##
#.#####...........## ##.##
# #..####.#.....#.#..## #<#
# ##...##.........##..# #.#
#########.###....#######.##
#.### ##........####..####
#..# #...#
##.................##
##.#####.#
.........######..#..## #..#
#.# ##.......# ##s##..#
##.# #.# #.......# #O.##.#
#.# #.# #.......#
##..#.#####.####.#
#.......# ##.#.#...#...##.#
##.......# #>..#...###..#.#
.........# ###.....# ##.#.#
#........# #.....# #†#.#
#...###### #######....#
#...# ...##
#######..........# ##..#


You could see a two-headed ogre.

Vanquished Creatures
  A wraith (Ossuary)
  Edmund (D:6)
  An orc warrior (D:5)
  2 phantoms
  An ice beast (D:5)
  3 ogres
  6 centaurs
  A big kobold (D:7)
  A bullfrog (D:6)
  A scorpion (D:7)
  5 killer bees (D:5)
  3 wights (D:6)
  5 howler monkeys
  A bullfrog zombie (D:5)
  4 crimson imps
  2 hounds
  A bullfrog skeleton (D:6)
  3 orc priests (D:4)
  4 orc wizards
  Jessica (D:3)
  An iguana (D:7)
  3 worker ants
  3 hound skeletons
  8 adders
  A shadow imp (D:5)
  2 oozes (D:4)
  4 adder zombies
  A worm (D:2)
  3 leopard geckos
  16 orcs
  A bat zombie (D:1)
  9 giant cockroaches
  8 goblins
  9 hobgoblins
  5 jackals
  2 quokkas
  A ball python (D:5)
  3 ball python skeletons (Ossuary)
  10 bats
  9 frilled lizards
  A hobgoblin skeleton (Ossuary)
  A hobgoblin zombie (Ossuary)
  12 kobolds
  A kobold zombie (Ossuary)
  A leopard gecko skeleton (D:6)
  A leopard gecko zombie (D:6)
  An orc skeleton (Ossuary)
  An orc zombie (Ossuary)
  A quokka zombie (D:6)
  5 rats
171 creatures vanquished.

Notes
Turn   | Place    | Note
-------+----------+-------------------------------------------
     0 | D:1      | Ivernyr the Vine Stalker Transmuter began the quest for the
                  | Orb.
     0 | D:1      | Reached XP level 1. HP: 9/9 MP: 4/4
    19 | D:1      | Reached skill level 1 in Fighting
   127 | D:1      | Reached XP level 2. HP: 14/14 MP: 4/6
   131 | D:1      | Learned a level 2 spell: Sticks to Snakes
   388 | D:1      | Reached XP level 3. HP: 9/18 MP: 7/7
   534 | D:1      | Learned a level 3 spell: Spider Form
  1414 | D:2      | Reached skill level 3 in Transmutations
  1625 | D:3      | Gained mutation: Your natural rate of healing is unusually
                  | fast. [Vine Stalker growth]
  1625 | D:3      | Reached XP level 4. HP: 15/22 MP: 6/9
  1785 | D:3      | Noticed Jessica
  1861 | D:3      | Killed Jessica
  2058 | D:3      | Reached XP level 5. HP: 23/25 MP: 10/10
  2631 | D:4      | Found a sacrificial altar of Ru.
  2639 | D:4      | Noticed an ogre
  2659 | D:4      | Killed an ogre
  2659 | D:4      | Reached skill level 4 in Transmutations
  2659 | D:4      | Reached XP level 6. HP: 30/30 MP: 8/12
  3336 | D:4      | Reached XP level 7. HP: 22/33 MP: 1/13
  3483 | D:4      | Reached skill level 5 in Transmutations
  3738 | D:5      | Entered Level 5 of the Dungeon
  4049 | D:5      | Found a staircase to the Ecumenical Temple.
  4075 | Temple   | Entered the Ecumenical Temple
  4132 | Temple   | Became a worshipper of Cheibriados the Contemplative
  4205 | D:5      | Gained mutation: You have razor-sharp teeth. [Vine Stalker
                  | growth]
  4205 | D:5      | Reached XP level 8. HP: 16/37 MP: 4/15
  4207 | D:5      | Reached skill level 6 in Transmutations
  4325 | D:5      | Reached skill level 5 in Unarmed Combat
  4325 | D:5      | Reached skill level 1 in Invocations
  4353 | D:5      | Found an ornate altar of the Wu Jian Council.
  4355 | D:5      | Found an ancient bone altar of Kikubaaqudgha.
  4962 | D:6      | Noticed Edmund
  4966 | D:6      | Reached * piety under Cheibriados
  5064 | D:6      | Reached skill level 5 in Spellcasting
  5069 | D:6      | Killed Edmund
  5077 | D:6      | Reached skill level 7 in Transmutations
  5204 | D:6      | Reached XP level 9. HP: 31/41 MP: 13/18
  5633 | D:6      | Found a hide-covered altar of Uskayaw.
  5633 | D:6      | Found a hazy altar of Hepliaklqana.
  6149 | D:7      | Reached ** piety under Cheibriados
  6181 | D:7      | Found a sand-covered staircase.
  6190 | Ossuary  | Entered an ossuary
  6355 | Ossuary  | Reached skill level 8 in Transmutations
  6539 | D:7      | Found a white marble altar of Elyvilon.
  6636 | D:7      | Found Javev's Armour Shop.
  6758 | D:7      | Found Quixkeol's Armour Emporium.
  6761 | D:7      | Bought a +2 helmet of see invisible for 236 gold pieces
  6990 | D:8      | Noticed a two-headed ogre
  7003 | D:7      | HP: 2/41 [two-headed ogre/+0 giant club (7)]
  7011 | D:7      | Mangled by a two-headed ogre

Skill      XL: |  1  2  3  4  5  6  7  8  9 |
---------------+----------------------------+-----
Fighting       | 1 |  1.0
Dodging        | 2 3 |  3.4
Transmutations | 3 4 5 7 8 |  8.6
Spellcasting   | 3 4 5 6 |  6.2
Unarmed Combat | 4 5 6 |  6.6
Invocations    | 2 4 |  4.2

Action                   |  1- 3 |  4- 6 |  7- 9 || total
-------------------------+-------+-------+-------++-------
Melee: Unarmed           |   137 |   139 |   341 ||   617
       Bite              |    27 |    25 |    18 ||    70
       Headbutt          |     5 |    10 |       ||    15
       Kick              |     9 |     6 |     2 ||    17
       Punch             |     2 |     3 |       ||     5
 Cast: Beastly Appendage |    14 |    14 |     1 ||    29
       Sticks to Snakes  |     2 |       |       ||     2
       Spider Form       |       |     5 |    33 ||    38
  Use: Scroll            |       |       |     5 ||     5
 Stab: Sleeping          |     2 |     1 |     3 ||     6
  Eat: Chunk             |     3 |     6 |     5 ||    14
       Ration            |       |       |     2 ||     2
Armor: Robe              |    34 |     6 |     4 ||    44
       Skin              |       |       |     6 ||     6
Dodge: Dodged            |    92 |    81 |   330 ||   503
